[ AOE2 MATCH · #508043369 ]
UnrankedMongols vs Cumans
Player's team · LOSS
Rival team · WIN
[ REPLAY ANALYSIS · EXTRACTED FROM THE RECORDED GAME ]
Feudal
8:27
Castle
20:35
Imperial
34:41
| APM avg | 46.4 |
| APM peak | 120 |
| eAPM avg | 22.2 |
| Villagers / military | 171 / 236 |
Focus
⚔️ 45.6% · 🌾 54.4%
Scout Cavalry ×104 · Skirmisher ×61 · Mangudai ×21 · Cavalry Archer ×17 · Monk ×5 · Archer ×5
Feudal
8:30
Castle
25:30
Imperial
31:40
| APM avg | 37.5 |
| APM peak | 88 |
| eAPM avg | 22.5 |
| Villagers / military | 171 / 287 |
Focus
⚔️ 38.3% · 🌾 61.7%
Scout Cavalry ×104 · Skirmisher ×76 · Spearman ×49 · Unknown (1260) ×40 · Cavalry Archer ×23 · Archer ×19
Match map
Initial resources + every placement click. Lines = walls · curves = elevation contours. ◆ gold · ⬟ stone · ● berries · ✦ relic · ◌ wall gap
Your base· ✓ Closed at 20:35 · 8t walls · 3 gate(s)
Volrath's base· ✓ Closed at 25:30 · 23t walls · 5 gate(s)
Smoothed initial terrain · ◌ = detected wall gap · hover for details
Inputs per minute
— Gush - - Volrath
Build order — Gush
First 150 of 612 actions detected
| 0:01 | Queue | Villager (Male) |
| 0:01 | Queue | Villager (Male) |
| 0:03 | Build | House |
| 0:04 | Build | House |
| 0:11 | Queue | Villager (Male) |
| 0:11 | Queue | Villager (Male) |
| 1:32 | Queue | Villager (Male) |
| 1:32 | Queue | Villager (Male) |
| 1:48 | Build | Lumber Camp |
| 1:55 | Queue | Villager (Male) |
| 2:22 | Queue | Villager (Male) |
| 2:57 | Queue | Villager (Male) |
| 3:12 | Queue | Villager (Male) |
| 3:43 | Queue | Villager (Male) |
| 3:52 | Build | House |
| 4:01 | Queue | Villager (Male) |
| 4:22 | Queue | Villager (Male) |
| 4:26 | Build | House |
| 4:55 | Queue | Villager (Male) |
| 5:15 | Build | Barracks |
| 5:25 | Queue | Villager (Male) |
| 5:26 | Research | Loom |
| 6:08 | Research | Feudal Age |
| 6:35 | Queue | Militia |
| 6:35 | Queue | Militia |
| 6:35 | Queue | Militia |
| 6:35 | Queue | Militia |
| 6:41 | Queue | Militia |
| 7:01 | Build | House |
| 7:57 | Queue | Villager (Male) |
| 8:27 | Age | Feudal Age |
| 8:37 | Research | Man-at-Arms (upgrade) |
| 8:48 | Build | Watch Tower |
| 8:54 | Queue | Villager (Male) |
| 8:56 | Research | Double-Bit Axe |
| 9:06 | Build | Mining Camp |
| 9:15 | Build | Mill |
| 9:18 | Queue | Villager (Male) |
| 9:44 | Queue | Villager (Male) |
| 10:04 | Queue | Villager (Male) |
| 10:17 | Build | House |
| 10:30 | Build | Farm |
| 10:32 | Build | Farm |
| 10:35 | Queue | Villager (Male) |
| 10:38 | Build | Farm |
| 10:53 | Queue | Villager (Male) |
| 11:09 | Queue | Villager (Male) |
| 11:26 | Queue | Villager (Male) |
| 11:30 | Build | Farm |
| 11:31 | Build | Farm |
| 11:34 | Build | Mining Camp |
| 11:50 | Build | Watch Tower |
| 11:56 | Build | Watch Tower |
| 12:01 | Build | Farm |
| 12:04 | Research | Horse Collar |
| 12:19 | Queue | Villager (Male) |
| 12:33 | Queue | Villager (Male) |
| 12:48 | Queue | Villager (Male) |
| 13:11 | Build | House |
| 13:26 | Build | House |
| 13:31 | Queue | Villager (Male) |
| 13:45 | Build | Blacksmith |
| 13:51 | Build | Blacksmith |
| 13:53 | Build | Farm |
| 14:00 | Build | Watch Tower |
| 14:14 | Queue | Villager (Male) |
| 14:17 | Build | House |
| 14:48 | Queue | Villager (Male) |
| 14:50 | Research | Fletching |
| 15:08 | Queue | Villager (Male) |
| 15:11 | Build | Farm |
| 15:17 | Build | Farm |
| 15:36 | Queue | Villager (Male) |
| 15:44 | Build | Market |
| 15:58 | Queue | Villager (Male) |
| 16:09 | Queue | Villager (Male) |
| 16:11 | Build | Farm |
| 16:14 | Build | Farm |
| 16:20 | Build | Farm |
| 16:42 | Queue | Villager (Male) |
| 16:47 | Build | House |
| 17:20 | Queue | Villager (Male) |
| 17:23 | Build | Farm |
| 17:34 | Build | Watch Tower |
| 17:42 | Queue | Villager (Male) |
| 17:44 | Build | House |
| 17:55 | Research | Castle Age |
| 18:26 | Build | House |
| 18:53 | Queue | Villager (Male) |
| 19:33 | Build | Stone Wall |
| 19:34 | Build | Stone Wall |
| 19:34 | Build | Stone Wall |
| 19:34 | Build | Stone Wall |
| 19:35 | Build | Stone Wall |
| 19:35 | Build | Stone Wall |
| 19:36 | Build | Stone Wall |
| 19:37 | Build | Stone Wall |
| 19:38 | Build | Stone Wall |
| 20:35 | Age | Castle Age |
| 20:36 | Queue | Villager (Male) |
| 20:43 | Build | Town Center |
| 20:49 | Build | Monastery |
| 21:02 | Build | Town Center |
| 21:10 | Queue | Villager (Male) |
| 21:37 | Queue | Monk |
| 21:41 | Queue | Villager (Male) |
| 21:45 | Research | Heavy Plow |
| 22:04 | Queue | Villager (Male) |
| 22:13 | Queue | Villager (Male) |
| 22:25 | Queue | Villager (Male) |
| 22:27 | Queue | Villager (Male) |
| 22:30 | Research | Bow Saw |
| 22:30 | Research | Bow Saw |
| 22:31 | Queue | Villager (Male) |
| 22:33 | Queue | Monk |
| 22:40 | Queue | Villager (Male) |
| 22:42 | Build | Farm |
| 22:47 | Queue | Villager (Male) |
| 22:56 | Queue | Villager (Male) |
| 22:57 | Build | Farm |
| 23:04 | Queue | Villager (Male) |
| 23:09 | Queue | Villager (Male) |
| 23:13 | Research | Wheelbarrow |
| 23:23 | Queue | Villager (Male) |
| 23:26 | Build | Farm |
| 23:30 | Build | House |
| 23:31 | Build | House |
| 23:33 | Queue | Villager (Male) |
| 23:35 | Queue | Monk |
| 23:41 | Queue | Villager (Male) |
| 23:54 | Queue | Villager (Male) |
| 23:56 | Build | Farm |
| 23:59 | Build | Farm |
| 24:00 | Queue | Villager (Male) |
| 24:01 | Build | Farm |
| 24:03 | Queue | Villager (Male) |
| 24:04 | Build | Farm |
| 24:13 | Build | Farm |
| 24:24 | Queue | Villager (Male) |
| 24:35 | Build | House |
| 24:37 | Build | House |
| 24:39 | Queue | Villager (Male) |
| 24:41 | Build | Stable |
| 24:43 | Queue | Villager (Male) |
| 24:54 | Build | Farm |
| 24:57 | Queue | Villager (Male) |
| 25:01 | Queue | Villager (Male) |
| 25:17 | Queue | Villager (Male) |
| 25:20 | Queue | Monk |
| 25:34 | Build | Town Center |
Build order — Volrath
First 150 of 428 actions detected
| 0:01 | Queue | Villager (Male) |
| 0:02 | Build | House |
| 0:05 | Build | House |
| 0:20 | Queue | Villager (Male) ×3 |
| 0:20 | Queue | Villager (Male) ×3 |
| 1:26 | Queue | Villager (Male) |
| 2:01 | Queue | Villager (Male) |
| 2:02 | Queue | Villager (Male) |
| 2:10 | Build | Lumber Camp |
| 2:43 | Queue | Villager (Male) |
| 2:43 | Queue | Villager (Male) |
| 3:07 | Queue | Villager (Male) |
| 3:12 | Queue | Villager (Male) |
| 3:12 | Queue | Villager (Male) |
| 3:37 | Build | House |
| 4:06 | Queue | Villager (Male) |
| 4:06 | Queue | Villager (Male) |
| 4:07 | Queue | Villager (Male) |
| 4:45 | Queue | Villager (Male) |
| 4:45 | Queue | Villager (Male) |
| 4:54 | Queue | Villager (Male) |
| 4:54 | Queue | Villager (Male) |
| 5:04 | Build | Mill |
| 5:18 | Queue | Villager (Male) |
| 6:20 | Research | Feudal Age |
| 6:20 | Research | Feudal Age |
| 7:05 | Build | House |
| 7:16 | Build | Lumber Camp |
| 7:30 | Queue | Villager (Male) |
| 8:30 | Age | Feudal Age |
| 8:32 | Build | Town Center |
| 8:36 | Research | Loom |
| 8:38 | Research | Town Watch |
| 8:55 | Research | Double-Bit Axe |
| 9:08 | Build | House |
| 9:10 | Build | House |
| 9:16 | Queue | Villager (Male) |
| 9:26 | Build | House |
| 9:43 | Build | House |
| 9:44 | Build | Palisade Wall |
| 10:00 | Queue | Villager (Male) |
| 10:08 | Build | House |
| 10:10 | Queue | Villager (Male) ×3 |
| 10:10 | Queue | Villager (Male) ×3 |
| 10:16 | Build | House |
| 10:30 | Build | Palisade Wall |
| 10:35 | Queue | Villager (Male) |
| 10:35 | Queue | Villager (Male) |
| 10:45 | Build | Palisade Wall |
| 10:50 | Queue | Villager (Male) |
| 11:26 | Queue | Villager (Male) |
| 11:26 | Queue | Villager (Male) |
| 11:26 | Queue | Villager (Male) |
| 11:27 | Queue | Villager (Male) |
| 11:28 | Queue | Villager (Male) |
| 11:46 | Build | Barracks |
| 11:52 | Queue | Villager (Male) |
| 12:00 | Queue | Villager (Male) |
| 12:00 | Queue | Villager (Male) |
| 12:12 | Queue | Villager (Male) |
| 12:12 | Queue | Villager (Male) |
| 12:33 | Build | Watch Tower |
| 12:39 | Queue | Villager (Male) |
| 12:39 | Queue | Villager (Male) |
| 12:52 | Queue | Villager (Male) |
| 12:55 | Build | House |
| 12:58 | Build | Palisade Gate |
| 13:02 | Build | Palisade Gate |
| 13:32 | Build | Archery Range |
| 13:37 | Build | Archery Range |
| 13:48 | Queue | Villager (Male) ×3 |
| 13:48 | Queue | Villager (Male) ×3 |
| 13:50 | Build | Palisade Wall |
| 14:10 | Build | Blacksmith |
| 14:29 | Queue | Villager (Male) |
| 14:30 | Queue | Villager (Male) |
| 14:36 | Build | Farm |
| 14:57 | Build | Siege Workshop |
| 14:59 | Queue | Villager (Male) ×2 |
| 14:59 | Queue | Villager (Male) ×2 |
| 15:04 | Build | House |
| 15:05 | Build | House |
| 15:06 | Build | House |
| 15:18 | Queue | Archer ×5 |
| 15:18 | Queue | Archer ×5 |
| 15:19 | Queue | Archer ×4 |
| 15:23 | Build | House |
| 15:24 | Build | House |
| 15:25 | Build | House |
| 15:31 | Queue | Villager (Male) |
| 15:47 | Build | Market |
| 15:54 | Build | Farm |
| 15:58 | Queue | Villager (Male) |
| 15:59 | Queue | Villager (Male) |
| 16:00 | Build | House |
| 16:01 | Build | House |
| 16:11 | Queue | Battering Ram ×2 |
| 16:11 | Queue | Battering Ram ×2 |
| 16:18 | Queue | Villager (Male) |
| 16:23 | Build | Farm |
| 16:27 | Build | Farm |
| 16:29 | Build | Farm |
| 16:31 | Build | Farm |
| 16:42 | Build | House |
| 16:43 | Build | House |
| 16:53 | Queue | Villager (Male) |
| 16:57 | Build | Farm |
| 16:59 | Build | Farm |
| 17:01 | Build | Farm |
| 17:08 | Research | Horse Collar |
| 17:09 | Research | Horse Collar |
| 17:16 | Queue | Villager (Male) |
| 18:11 | Build | House |
| 18:16 | Queue | Villager (Male) ×2 |
| 18:17 | Queue | Villager (Male) ×3 |
| 18:17 | Queue | Villager (Male) |
| 18:23 | Research | Fletching |
| 19:05 | Queue | Archer ×4 |
| 19:06 | Queue | Villager (Male) ×3 |
| 19:50 | Queue | Villager (Male) ×2 |
| 19:50 | Queue | Villager (Male) ×2 |
| 20:04 | Queue | Villager (Male) |
| 20:12 | Build | Mining Camp |
| 20:18 | Build | Farm |
| 20:19 | Build | Mill |
| 20:19 | Build | Farm |
| 20:20 | Build | Farm |
| 20:20 | Build | Farm |
| 20:20 | Build | Farm |
| 20:20 | Build | Farm |
| 20:21 | Build | Farm |
| 20:21 | Build | Farm |
| 20:21 | Build | Farm |
| 20:21 | Build | Farm |
| 20:23 | Queue | Villager (Male) |
| 20:23 | Queue | Villager (Male) |
| 20:33 | Build | Farm |
| 20:34 | Build | Farm |
| 20:36 | Build | Mill |
| 20:36 | Build | Farm |
| 20:37 | Build | Farm |
| 20:37 | Build | Farm |
| 20:37 | Build | Farm |
| 20:37 | Build | Farm |
| 20:39 | Queue | Villager (Male) |
| 20:48 | Queue | Villager (Male) |
| 20:48 | Queue | Villager (Male) |
| 21:19 | Queue | Villager (Male) |
| 21:19 | Queue | Villager (Male) |
| 21:36 | Queue | Battering Ram |
Match timeline
| 5:15 | Gush · first_building Barracks |
| 8:27 | Gush · age_up feudal |
| 8:30 | Volrath · age_up feudal |
| 9:44 | Volrath · wall_segment Palisade Wall x4 |
| 10:30 | Volrath · wall_segment Palisade Wall x4 |
| 10:45 | Volrath · wall_segment Palisade Wall x12 |
| 11:46 | Volrath · first_building Barracks |
| 13:32 | Volrath · first_building Archery Range |
| 13:50 | Volrath · wall_segment Palisade Wall x1 |
| 14:57 | Volrath · first_building Siege Workshop |
| 16:58 | Gush · first_market_buy 100 food |
| 17:06 | Volrath · first_market_sell 100 wood |
| 17:07 | Volrath · first_market_buy 100 food |
| 19:33 | Gush · wall_segment Stone Wall x1 |
| 19:34 | Gush · wall_segment Stone Wall x1 |
| 19:34 | Gush · wall_segment Stone Wall x1 |
| 19:34 | Gush · wall_segment Stone Wall x1 |
| 19:35 | Gush · wall_segment Stone Wall x1 |
| 19:35 | Gush · wall_segment Stone Wall x1 |
| 19:36 | Gush · wall_segment Stone Wall x1 |
| 19:37 | Gush · wall_segment Stone Wall x1 |
| 19:38 | Gush · wall_segment Stone Wall x1 |
| 20:35 | Gush · age_up castle |
| 20:49 | Gush · first_building Monastery |
| 21:43 | Volrath · wall_segment Palisade Wall x1 |
| 21:45 | Volrath · wall_segment Palisade Wall x1 |
| 24:41 | Gush · first_building Stable |
| 25:30 | Volrath · age_up castle |
| 27:09 | Gush · first_building Castle |
| 28:28 | Gush · first_building Siege Workshop |
| 29:41 | Gush · wall_segment Stone Wall x1 |
| 29:48 | Volrath · first_building Stable |
| 30:07 | Volrath · first_building Castle |
| 31:40 | Volrath · age_up imperial |
| 33:36 | Gush · first_building Archery Range |
| 34:41 | Gush · age_up imperial |
| 35:22 | Gush · first_market_sell 500 food |
| 51:23 | Gush · resign |
[ AI ANALYSIS · 1 CREDIT ]
What really happened in this match?
Wolo.gg analyzes every decision: build order, eco, micro, common mistakes by bracket. Personalized analysis on WhatsApp or Discord in 30 seconds.
Civ guide
Mongols
Perfil
Jugador #407965